Map: Abiogenesis LE

Players

Pain - Winner!

  • Race: Terran Terran
  • Spawn Location: 5:00

A.I. 1 (Medium)

  • Race: Terran Terran
  • Spawn Location: 11:00

VOD

Have the link to the VOD?

Description

Time

  • Played on: March 17, 2018, 12:29 a.m.
  • Length: 17:29
Show
View Real Time Build Order
Export as new Build Order

Pain Terran - Winner!

Build Orders:  

Get SALT Encoding   

  12  0:02  SCV  
  13  0:19  Supply Depot  
  13  0:29  SCV  
  14  0:41  SCV  
  15  0:50  Barracks  
  15  0:51  Refinery  
  15  0:55  SCV  
  16  1:39  Barracks Reactor  
  16  1:48  Supply Depot  
  16  2:17  Marine x2  
  18  2:25  Orbital Command  
  18  2:34  Marine  
  18  2:35  Marine  
  20  2:40  Factory  
  20  2:52  Marine x2  
  20  2:57  SCV  
  23  3:09  SCV  
  24  3:16  Refinery  
  24  3:21  SCV  
  25  3:31  Bunker  
  25  3:34  Factory Tech Lab  
  25  3:56  Marine x2  
  25  3:57  Factory  
  27  4:10  Command Center  
  27  4:14  Marine x2  
  29  4:29  Supply Depot  
  29  4:32  Marine x2  
  31  4:50  Siege Tank  
  31  4:51  Supply Depot  
  31  4:52  Marine x2  
  36  5:07  Factory Reactor  
  36  5:10  Marine  
  37  5:23  Siege Tank, Supply Depot  
  40  5:31  Engineering Bay  
  40  5:46  Supply Depot  
  40  5:54  Widow Mine x2  
  44  6:05  Marine  
  44  6:06  Marine  
  44  6:09  Supply Depot  
  46  6:14  Terran Infantry Weapons Level 1  
  46  6:15  Widow Mine  
  48  6:23  Marine  
  49  6:25  Armory  
  49  6:31  SCV  
  50  6:45  SCV  
  51  6:49  SCV, Bunker  
  52  6:57  SCV  
  53  7:06  Marine x2  
  46  7:10  SCV  
  44  7:24  Marine x2  
  44  7:27  Terran Vehicle Weapons Level 1  
  46  7:34  Starport  
  47  7:37  SCV  
  47  7:41  Marine  
  48  7:45  SCV, Supply Depot  
  48  7:49  SCV  
  50  8:05  Siege Tank  
  50  8:08  Marine  
  54  8:15  Orbital Command  
  54  8:18  Marine  
  55  8:24  Medivac  
  55  8:26  Marine  
  58  8:38  Siege Tank, Marine  
  62  8:44  Marine  
  63  8:54  Viking  
  65  8:55  Marine  
  66  9:10  Siege Tank  
  66  9:13  SCV  
  70  9:21  Terran Vehicle And Ship Armor Level 1  
  69  9:25  SCV  
  69  9:30  Terran Infantry Weapons Level 2  
  70  9:37  SCV  
  71  9:42  Siege Tank  
  74  9:49  SCV  
  74  9:50  SCV, Refinery  
  74  9:51  Refinery  
  76  10:01  SCV  
  76  10:02  SCV  
  76  10:03  Marine x2  
  80  10:13  SCV, Starport Tech Lab  
  84  10:14  Siege Tank  
  84  10:15  SCV  
  84  10:21  Marine x2  
  85  10:25  SCV  
  88  10:28  Barracks  
  88  10:39  Marine x2  
  90  10:46  Corvid Reactor, Siege Tank  
  90  10:48  Viking  
  95  10:56  Marine  
  95  10:57  Marine  
  97  11:14  Marine x2  
  97  11:16  Hellbat  
  101  11:23  Viking  
  101  11:24  Siege Tank, Hellbat  
  108  11:26  SCV  
  108  11:32  Marine x2  
  111  11:37  Hellbat  
  111  11:38  SCV  
  111  11:45  Hellbat  
  111  11:46  Terran Infantry Armor Level 1  
  104  11:50  SCV, Marine x2  
  104  11:53  Medivac  
  99  11:58  Hellbat  
  99  12:02  SCV  
  99  12:07  Hellbat  
  99  12:08  Marine x2  
  104  12:22  Siege Tank  
  107  12:24  Banshee  
  107  12:25  Marine  
  107  12:26  Marine  
  112  12:32  Terran Vehicle Weapons Level 2  
  112  12:43  Marine x2  
  114  12:54  Siege Tank  
  114  12:56  Hellbat x2  
  121  13:01  Marine x2  
  123  13:17  Command Center, Hellbat  
  123  13:19  Marine x2  
  127  13:22  Banshee  
  127  13:26  Siege Tank  
  133  13:37  Marine  
  133  13:40  Marine  
  130  13:54  Marine  
  129  13:57  Marine  
  129  13:58  Siege Tank  
  133  14:12  Marine  
  134  14:26  Medivac, Supply Depot, Marine  
  134  14:27  SCV  
  134  14:30  Siege Tank, Marine  
  134  14:31  SCV  
  143  14:36  Cyclone  
  146  14:40  SCV  
  146  14:43  SCV  
  146  14:44  Marine  
  149  14:48  Marine  
  149  14:50  Supply Depot  
  150  14:55  SCV  
  150  14:56  Medivac  
  153  15:02  Siege Tank, Marine  
  153  15:06  Marine  
  154  15:07  SCV  
  154  15:13  Supply Depot  
  155  15:19  SCV, Marine  
  154  15:24  Marine  
  155  15:34  Siege Tank  
  156  15:37  Marine  
  156  15:41  Marine  
  158  15:55  Marine  
  157  15:59  Marine  
  152  16:06  Siege Tank  
  152  16:09  Banshee  
  158  16:13  Marine  
  158  16:14  Hellbat x2  
  158  16:17  Marine  
  164  16:31  Marine  
  163  16:35  Hellbat, Marine  
  163  16:38  Siege Tank  
  162  16:40  Barracks Tech Lab  
  162  16:48  Marine  
  162  16:53  Marine  
  162  17:16  SCV  
Show
View Real Time Build Order
Export as new Build Order

A.I. 1 (Medium) Terran 

Build Orders:  

Get SALT Encoding   

  12  0:00  SCV  
  13  0:13  SCV  
  14  0:18  Supply Depot  
  14  0:25  SCV  
  15  0:39  SCV  
  16  0:43  Barracks  
  16  0:49  Refinery  
  16  0:51  SCV  
  17  1:04  SCV  
  18  1:17  Supply Depot  
  18  1:30  Marine  
  19  1:33  Barracks, Orbital Command  
  19  1:44  Refinery  
  19  1:49  Barracks Tech Lab  
  19  2:07  Marine  
  20  2:15  Supply Depot  
  20  2:19  Marine  
  21  2:31  Marine  
  22  2:42  Marine  
  23  2:47  Supply Depot  
  23  2:54  SCV, Marine  
  25  3:05  Marine  
  25  3:06  SCV  
  27  3:13  Engineering Bay  
  27  3:17  Marauder  
  27  3:18  SCV  
  30  3:28  Marine  
  30  3:30  SCV  
  32  3:40  Marine  
  33  3:42  SCV  
  33  3:46  Supply Depot  
  34  3:54  SCV  
  35  3:58  Marauder  
  37  4:19  Marauder  
  39  4:41  Marauder  
  41  6:25  Barracks Tech Lab  
  41  6:26  SCV  
  41  6:28  Factory  
  41  6:31  Factory  
  42  6:33  Supply Depot  
  42  6:35  Missile Turret, Command Center  
  42  6:38  Missile Turret  
  42  6:43  Sensor Tower  
  42  6:45  Barracks  
  42  6:57  Bunker  
  42  7:03  Marine  
  32  7:13  Starport  
  32  7:15  Armory, Factory Tech Lab x2  
  26  7:16  Marine  
  27  7:29  Marine  
  28  7:32  Barracks Reactor  
  28  7:42  Marine  
  29  7:48  SCV  
  29  7:51  SCV  
  31  7:54  Marine  
  32  7:59  Refinery, Starport Tech Lab  
  32  8:00  SCV  
  32  8:01  Missile Turret  
  32  8:03  SCV  
  32  8:05  Missile Turret, Refinery  
  34  8:07  Marine  
  34  8:12  SCV  
  36  8:15  SCV  
  36  8:17  Raven  
  39  8:20  Marine  
  39  8:24  SCV  
  39  8:26  Bunker  
  41  8:27  SCV  
  41  8:34  Marauder  
  44  8:36  SCV  
  44  8:39  SCV  
  46  8:46  Siege Tank  
  49  8:48  SCV  
  49  8:51  SCV  
  51  8:59  Siege Tank  
  51  9:00  SCV, Raven  
  57  9:03  SCV  
  58  9:12  Marine  
  58  9:13  SCV  
  58  9:15  SCV  
  61  9:25  SCV, Marauder  
  61  9:28  SCV  
  65  9:37  SCV  
  65  9:38  Cyclone  
  69  9:40  SCV  
  69  9:44  Supply Depot  
  70  9:49  SCV  
  70  9:52  SCV  
  72  11:15  Thor  
  72  11:16  Stimpack, Medivac, Combat Shields  
  72  11:17  Terran Infantry Weapons Level 1, Supply Depot  
  80  11:20  Ghost Academy  
  80  11:22  Fusion Core  
  80  11:24  Engineering Bay  
  80  11:25  Command Center  
  80  11:28  Armory  
  80  11:32  Starport  
  80  11:39  Siege Tank  
  82  11:42  Supply Depot  
  82  11:46  Medivac  
  79  11:50  Terran Infantry Armor Level 1, Marine  
  72  12:00  Marine  
  62  12:10  Starport Reactor  
  62  12:11  Marine  
  63  12:16  Raven  
  63  12:22  Marine  
  66  12:33  Marine  
  67  12:37  SCV  
  67  12:40  SCV  
  67  12:43  SCV, Marine  
  71  12:45  Refinery  
  71  12:49  SCV  
  71  12:50  Missile Turret  
  72  12:52  Missile Turret, SCV  
  72  12:54  Cyclone  
  72  12:55  SCV, Refinery  
  77  12:58  Raven  
  77  13:02  SCV  
  77  13:05  Siege Tank  
  83  13:14  Bunker  
  83  13:26  Siege Tank  
  86  13:37  Thor  
  91  13:41  Raven  
  91  13:43  Marine  
  91  13:47  Medivac  
  80  13:51  Medivac  
  80  13:53  Marine  
  75  14:04  Marine  
  74  14:15  Marine  
  68  14:24  Raven  
  68  14:26  Marine  
  71  14:37  Marine  
  70  14:43  SCV  
  66  14:46  SCV  
  66  14:47  Thor  
  66  14:49  SCV, Medivac  
  66  14:51  Medivac  
  67  14:55  SCV, Hellion  
  67  14:57  Bunker  
  66  15:01  SCV  
  66  15:02  Marauder  
  57  15:07  Supply Depot, Raven  
  57  15:08  SCV  
  57  15:10  Marauder  
  57  15:13  SCV  
  56  15:19  Viking  
  56  15:20  SCV  
  56  15:24  Viking  
  56  15:25  SCV  
  56  15:27  Siege Tank  
  59  15:29  Marine  
  59  15:32  SCV, Marine  
  59  15:33  Supply Depot  
  56  15:36  Marine  
  56  15:38  SCV  
  56  15:39  Marine  
  56  15:41  Thor  
  61  15:44  SCV  
  61  15:47  Marine  
  54  15:50  SCV, Raven, Marine  
  54  15:53  Marine  
  54  15:56  SCV, Marine  
  55  16:00  Factory Tech Lab  
  55  16:02  SCV  
  46  16:05  Marine  
  46  16:08  SCV, Marine  
  38  16:11  Marine  
  38  16:14  SCV, Factory Tech Lab, Marine  
  38  16:16  Viking  
  43  16:20  SCV  
  43  16:23  Marauder  
  43  16:25  Cyclone  
  48  16:26  SCV, Marine  
  48  16:29  Marine  
  48  16:31  Factory Tech Lab  
  48  16:32  SCV, Raven, Marine  
  46  16:38  SCV  
  34  16:44  SCV, Marine x2  
  23  16:47  Marine  
  23  16:50  SCV, Marine  
  23  16:53  Starport Tech Lab  
  21  16:57  Hellion  
  14  17:02  SCV, Barracks Tech Lab  
  14  17:03  Marauder  
  12  17:14  SCV  
Tags
 
Matchup
TvT
Race
Terran
Replay Pack
RP
Spawn Locations
Cross Positions
Add a new tag
Caveats
  • Supply blocks, unpowered buildings, or Contaminate may cause inaccurate times.
  • Supply counts are checked every 10 seconds.